Map: Simulacrum LE

Players

DARTHSHRDR

  • Race: Protoss Protoss
  • League: Silver
  • Spawn Location: 5:00

Ratl - Winner!

  • Race: Protoss Protoss
  • League: Silver
  • Spawn Location: 11:00

VOD

Have the link to the VOD?

Description

Time

  • Played on: Feb. 16, 2020, 11:49 a.m.
  • Length: 16:23
Show
View Real Time Build Order
Export as new Build Order

DARTHSHRDR Protoss 

Build Orders:  

Get SALT Encoding   

  12  0:02  Probe (Chrono Boost)  
  13  0:19  Probe (Chrono Boost)  
  14  0:27  Pylon  
  14  0:30  Probe  
  15  0:45  Probe  
  15  0:48  Gateway  
  16  0:54  Assimilator  
  16  0:56  Assimilator  
  16  0:57  Probe  
  17  1:11  Probe  
  18  1:24  Probe (Chrono Boost)  
  19  1:38  Cybernetics Core  
  19  1:40  Probe (Chrono Boost)  
  20  1:52  Probe  
  21  1:56  Nexus  
  21  2:06  Pylon  
  21  2:07  Probe (Chrono Boost)  
  22  2:19  Warp Gate  
  22  2:24  Stalker  
  24  2:32  Gateway  
  24  2:36  Probe  
  25  2:49  Robotics Facility  
  25  3:04  Probe (Chrono Boost)  
  26  3:09  Probe (Chrono Boost)  
  28  3:20  Probe (Chrono Boost)  
  28  3:21  Probe (Chrono Boost)  
  28  3:23  Stalker  
  28  3:24  Pylon  
  28  3:25  Probe (Chrono Boost)  
  28  3:26  Probe  
  33  3:37  Probe  
  33  3:38  Assimilator  
  33  3:39  Probe  
  35  3:41  Assimilator  
  35  3:49  Probe  
  36  3:57  Stargate  
  36  3:58  Probe  
  36  4:01  Probe  
  38  4:10  Probe  
  38  4:14  Probe  
  38  4:15  Immortal  
  44  4:21  Zealot  
  44  4:22  Probe (Chrono Boost)  
  47  4:26  Probe (Chrono Boost)  
  48  4:33  Probe (Chrono Boost)  
  48  4:35  Probe (Chrono Boost)  
  50  4:41  Forge  
  50  4:44  Phoenix  
  50  4:45  Pylon  
  52  4:46  Pylon  
  52  4:50  Probe x2  
  54  5:03  Probe x2  
  56  5:10  Pylon x2  
  56  5:11  Pylon  
  56  5:15  Probe x2  
  58  5:21  Pylon  
  58  5:27  Probe x2  
  60  5:38  Nexus  
  60  5:46  Photon Cannon  
  60  5:50  Gateway  
  60  5:52  Gateway  
  60  5:55  Gateway  
  60  6:24  Assimilator  
  60  6:33  Void Ray  
  64  6:46  Gateway  
  64  6:47  Probe (Chrono Boost), Gateway  
  66  6:48  Probe (Chrono Boost)  
  66  6:49  Gateway  
  66  6:52  Probe (Chrono Boost), Gateway  
  67  6:59  Probe (Chrono Boost)  
  67  7:00  Probe (Chrono Boost)  
  70  7:01  Probe (Chrono Boost)  
  70  7:04  Probe x2 (Chrono Boost)  
  72  7:16  Stargate  
  72  7:17  Stargate x2  
  72  7:19  Stargate  
  72  7:23  Stargate  
  72  7:24  Stargate  
  72  7:25  Void Ray  
  76  7:43  Stalker  
  76  7:44  Stalker x3  
  82  7:45  Stalker x3  
  82  7:46  Stalker x2  
  94  7:51  Protoss Ground Weapons Level 1  
  94  8:02  Forge  
  94  8:06  Forge  
  94  8:19  Immortal  
  98  8:20  Twilight Council  
  98  8:25  Void Ray  
  102  8:30  Void Ray  
  102  8:31  Void Ray  
  102  8:34  Void Ray  
  106  8:38  Probe (Chrono Boost)  
  106  8:39  Probe (Chrono Boost)  
  106  8:40  Probe (Chrono Boost)  
  117  8:54  Pylon  
  117  8:57  Pylon x2  
  117  8:58  Pylon  
  117  8:59  Pylon  
  117  9:00  Pylon  
  117  9:11  Probe x3 (Chrono Boost)  
  117  9:16  Protoss Shields Level 1, Protoss Ground Armor Level 1  
  120  9:18  Probe  
  120  9:23  Observer  
  122  9:27  Probe x2  
  122  9:30  Probe  
  125  9:34  Assimilator  
  125  9:39  Probe  
  125  9:40  Probe  
  125  9:44  Immortal  
  131  10:20  Nexus  
  131  10:21  Pylon, Void Ray x5  
  131  10:22  Void Ray  
  131  10:23  Assimilator  
  155  10:28  Assimilator  
  155  10:49  Probe x2  
  158  10:50  Probe  
  158  11:00  Void Ray  
  158  11:01  Probe  
  158  11:02  Probe x2  
  165  11:05  Stalker x4  
  173  11:17  Pylon  
  173  11:19  Pylon  
  173  11:21  Pylon  
  173  11:22  Pylon x2  
  173  11:27  Pylon  
  173  11:32  Probe x3, Immortal  
  178  11:44  Probe x3  
  131  11:55  Stalker x5  
  131  11:56  Stalker x4  
  133  12:08  Void Ray x2 (Chrono Boost)  
  112  12:09  Void Ray (Chrono Boost)  
  120  12:18  Void Ray (Chrono Boost)  
  120  12:33  Stalker x4  
  120  12:34  Stalker x5  
  120  12:36  Protoss Ground Armor Level 2 (Chrono Boost)  
  138  12:43  Protoss Ground Weapons Level 2 (Chrono Boost)  
  138  12:50  Probe  
  140  12:51  Probe x2  
  141  13:02  Robotics Facility  
  141  13:03  Robotics Facility  
  141  13:05  Robotics Facility  
  141  13:08  Robotics Facility x2  
  141  13:12  Immortal  
  145  13:15  Stalker x3  
  145  13:16  Stalker  
  153  13:39  Stalker x3  
  159  13:47  Protoss Shields Level 2 (Chrono Boost)  
  157  13:56  Pylon  
  154  14:21  Stalker x2  
  154  14:22  Stalker x4  
  154  14:23  Stalker x3  
  82  14:42  Void Ray (Chrono Boost)  
  82  14:43  Void Ray (Chrono Boost)  
  82  14:44  Void Ray x2 (Chrono Boost)  
  92  14:52  Void Ray (Chrono Boost)  
  98  14:58  Void Ray x2 (Chrono Boost)  
  89  15:01  Stalker x4  
  89  15:02  Stalker x4  
  98  15:27  Zealot x3  
  98  15:28  Zealot x4  
Show
View Real Time Build Order
Export as new Build Order

Ratl Protoss - Winner!

Build Orders: 1 Gate Expand 

Get SALT Encoding   

  12  0:01  Probe  
  13  0:13  Probe  
  14  0:18  Pylon  
  14  0:25  Probe  
  15  0:37  Probe, Assimilator  
  16  0:47  Gateway  
  17  0:50  Probe (Chrono Boost)  
  17  0:57  Assimilator  
  17  1:00  Probe (Chrono Boost)  
  18  1:07  Probe  
  18  1:19  Probe (Chrono Boost)  
  19  1:29  Probe (Chrono Boost)  
  20  1:34  Probe (Chrono Boost)  
  21  1:40  Nexus  
  21  1:46  Probe  
  22  1:56  Cybernetics Core  
  22  1:58  Probe  
  23  2:04  Pylon  
  23  2:14  Assimilator  
  23  2:21  Pylon  
  23  2:22  Probe  
  24  2:34  Probe (Chrono Boost), Gateway  
  24  2:35  Warp Gate  
  25  2:46  Probe (Chrono Boost)  
  26  2:54  Probe (Chrono Boost)  
  26  2:55  Probe (Chrono Boost)  
  28  3:01  Pylon  
  28  3:02  Probe (Chrono Boost)  
  28  3:04  Probe (Chrono Boost), Stalker  
  32  3:07  Probe (Chrono Boost)  
  33  3:13  Probe  
  33  3:19  Probe  
  35  3:23  Stalker  
  35  3:25  Probe  
  38  3:31  Probe (Chrono Boost)  
  39  3:35  Robotics Facility  
  39  3:37  Stalker  
  42  3:41  Probe (Chrono Boost)  
  42  3:43  Probe (Chrono Boost)  
  43  3:52  Probe (Chrono Boost)  
  43  3:53  Sentry  
  46  3:56  Nexus  
  46  3:58  Probe (Chrono Boost)  
  48  4:03  Probe (Chrono Boost)  
  48  4:10  Probe (Chrono Boost)  
  48  4:13  Assimilator  
  48  4:16  Assimilator  
  50  4:18  Probe x2 (Chrono Boost)  
  51  4:24  Observer  
  51  4:25  Probe x2  
  51  4:30  Pylon  
  54  4:33  Pylon  
  54  4:37  Probe (Chrono Boost)  
  56  4:41  Probe (Chrono Boost)  
  56  4:47  Immortal  
  56  4:48  Probe (Chrono Boost)  
  56  4:51  Stalker  
  56  4:52  Stalker  
  66  4:53  Probe x2 (Chrono Boost)  
  67  5:01  Forge  
  67  5:02  Forge  
  67  5:06  Forge  
  67  5:10  Twilight Council  
  67  5:13  Probe (Chrono Boost)  
  70  5:14  Probe (Chrono Boost)  
  70  5:15  Probe (Chrono Boost)  
  70  5:25  Probe (Chrono Boost)  
  70  5:26  Probe (Chrono Boost)  
  70  5:27  Stalker  
  75  5:29  Probe (Chrono Boost)  
  75  5:30  Probe x2 (Chrono Boost), Stalker  
  79  5:36  Probe  
  79  5:39  Probe  
  79  5:40  Probe  
  82  5:48  Probe  
  82  5:49  Nexus  
  83  5:50  Pylon  
  83  5:52  Probe x2  
  85  6:00  Probe  
  85  6:01  Pylon  
  85  6:03  Pylon  
  86  6:04  Probe x2  
  86  6:10  Stalker x2  
  92  6:13  Probe  
  92  6:14  Assimilator  
  92  6:15  Assimilator  
  92  6:16  Probe  
  92  6:17  Probe  
  95  6:22  Photon Cannon  
  95  6:25  Photon Cannon  
  95  6:28  Photon Cannon  
  95  6:30  Probe x2, Protoss Ground Armor Level 1 (Chrono Boost)  
  95  6:31  Probe, Shield Battery  
  95  6:32  Protoss Ground Weapons Level 1 (Chrono Boost)  
  98  6:34  Protoss Shields Level 1 (Chrono Boost)  
  98  6:42  Probe, Stalker  
  98  6:43  Probe x2, Stalker  
  105  6:54  Probe  
  105  6:56  Probe x2  
  108  7:07  Probe x2  
  111  7:08  Probe x2  
  112  7:19  Probe x2  
  112  7:20  Probe  
  115  7:26  Photon Cannon  
  115  7:27  Photon Cannon  
  115  7:29  Photon Cannon, Shield Battery  
  115  7:45  Stalker x2  
  115  7:47  Immortal, Nexus  
  123  7:58  Gateway  
  123  7:59  Gateway  
  123  8:02  Assimilator  
  123  8:03  Assimilator  
  123  8:06  Gateway x2  
  123  8:07  Gateway  
  123  8:12  Gateway  
  123  8:13  Gateway  
  123  8:16  Gateway x2  
  123  8:22  Gateway  
  123  8:30  Gateway  
  123  8:31  Gateway  
  123  8:34  Templar Archives  
  123  8:36  Gateway  
  123  8:38  Gateway  
  123  8:47  Protoss Ground Weapons Level 2 (Chrono Boost), Protoss Ground Armor Level 2 (Chrono Boost)  
  123  8:52  Pylon  
  123  8:53  Stalker x3  
  123  8:55  Protoss Shields Level 2 (Chrono Boost)  
  129  8:56  Pylon  
  129  9:00  Immortal  
  133  9:08  Pylon  
  133  9:09  Pylon  
  133  9:10  Stalker x4  
  133  9:11  Stalker  
  143  9:19  Stalker x2  
  143  9:20  Stalker x4  
  155  9:54  Pylon  
  155  9:57  Photon Cannon  
  155  9:59  Photon Cannon  
  155  10:01  Shield Battery  
  155  10:02  Photon Cannon  
  155  10:03  Photon Cannon  
  155  10:04  Immortal  
  155  10:05  Photon Cannon  
  155  10:06  Photon Cannon  
  159  10:07  Photon Cannon  
  159  10:10  Photon Cannon  
  159  10:12  Photon Cannon, Stalker x6  
  159  10:13  Stalker x6  
  159  10:14  Stalker, Shield Battery  
  185  10:15  Shield Battery  
  185  10:17  Assimilator  
  185  10:20  Assimilator  
  185  10:30  Psionic Storm  
  185  10:32  Blink  
  185  10:52  Pylon  
  185  10:54  Pylon  
  185  11:03  Photon Cannon  
  185  11:05  Photon Cannon  
  185  11:10  Stalker x2  
  185  11:11  Protoss Ground Armor Level 3 (Chrono Boost), Immortal, Stalker  
  195  11:12  Stalker  
  195  11:14  Stalker  
  199  11:21  Protoss Ground Weapons Level 3 (Chrono Boost)  
  199  11:31  Protoss Shields Level 3 (Chrono Boost)  
  141  11:57  Stalker x5  
  141  11:58  Stalker x6  
  141  11:59  Stalker x4  
  125  12:21  High Templar x2, Stalker  
  125  12:22  High Templar x6  
  137  12:23  High Templar x5  
  137  12:24  High Templar  
  137  12:28  Immortal  
  155  12:31  Archon x6  
  155  12:32  Archon  
  155  12:33  Charge  
  155  12:53  Robotics Facility  
  155  12:54  Robotics Facility  
  155  12:56  Gateway  
  155  12:58  Gateway  
  155  12:59  Gateway  
  155  13:02  Gateway  
  155  13:05  High Templar  
  155  13:06  High Templar x6, Gateway  
  155  13:08  Stalker  
  155  13:09  Gateway, Stalker  
  155  13:10  Archon x3  
  155  13:11  Immortal (Chrono Boost)  
  177  13:33  Gateway x2  
  177  13:36  Gateway  
  177  13:37  Gateway  
  177  13:39  Gateway  
  177  13:44  Pylon  
  177  13:46  Pylon x2  
  177  13:49  Gateway  
  177  13:50  Gateway  
  177  13:52  Gateway  
  177  13:53  Gateway  
  177  14:03  Stalker x2  
  177  14:04  Stalker x6  
  177  14:05  Stalker x3  
  173  14:33  Stalker x3  
  173  14:34  Stalker x5  
  173  14:35  Stalker x5  
  185  15:48  Stalker  
  185  15:49  Stalker x5  
  183  15:50  Stalker x5  
  183  15:51  Stalker x3  
  183  15:55  Pylon  
Tags
 
Matchup
PvP
Spawn Locations
Cross Positions
Add a new tag
Caveats
  • Supply blocks, unpowered buildings, or Contaminate may cause inaccurate times.
  • Supply counts are checked every 10 seconds.